Hurricanes vs Bruins

Created - December 4 2011 at 15:05

Goals
1 2 3 OT1 SO T
Hurricanes 2 3 0 0 0 5
Bruins 2 1 2 0 2 6
Shots
1 2 3 OT1 SO T
Hurricanes 8 17 11 1 2 37
Bruins 11 8 8 1 2 28

Period #1

1. Bruins , David Krejci 4 (Zdeno Chara, Nathan Horton) at 0:10
2. Hurricanes , Martin Hanzal 8 (Johnny Oduya, Chris Thorburn) at 0:43
3. Bruins , Nathan Horton 7 (David Krejci, Zdeno Chara) at 1:05
4. Hurricanes , Mike Weber 2 (Jarome Iginla, Sergei Gonchar) at 4:48 (PP)

Penalties :
Dennis Seidenberg (BOS) for Roughing (Minor) at 2:55, Patrice Bergeron (BOS) for Hooking (Minor) at 5:07, Mike Weber (CAR) for Holding (Minor) at 8:23, Mike Weber (CAR) for Cross-checking (Minor) at 10:29, Zdeno Chara (BOS) for Interference (Minor) at 14:48, Martin Hanzal (CAR) for High sticking (Minor) at 18:23

Period #2

5. Hurricanes , Jarome Iginla 17 (Thomas Vanek, Freddy Meyer) at 0:40
6. Hurricanes , Thomas Vanek 12 (Jaroslav Spacek) at 3:21 (PP)
7. Hurricanes , Martin Hanzal 9 (Eric Staal, Johnny Oduya) at 10:19 (PP)
8. Bruins , Rick Nash 9 (Tobias Enstrom, Ales Hemsky) at 11:15

Penalties :
Jaroslav Spacek (CAR) for Roughing (Minor) at 1:11, Jordan Leopold (BOS) for Boarding (Minor) at 2:57, Zdeno Chara (BOS) for Holding (Minor) at 3:46, Tyler Seguin (BOS) for Holding (Minor) at 7:16, Dennis Seidenberg (BOS) for Holding (Minor) at 8:30

Period #3

9. Bruins , Milan Lucic 10 (Zdeno Chara, David Krejci) at 10:23
10. Bruins , David Krejci 5 (Jordan Leopold) at 13:59 (SH)

Penalties :
Patrice Bergeron (BOS) for Hooking (Minor) at 2:25, Zdeno Chara (BOS) for Slashing (Minor) at 6:33, Martin Hanzal (CAR) for Boarding (Minor) at 10:37, Zdeno Chara (BOS) for High sticking (Minor) at 12:53, Brad Marchand (BOS) for Interference (Minor) at 15:03

Overtime #1

No Goal

Penalties :
Adam McQuaid (BOS) for Hooking (Minor) at 1:06

Shootout

Penalty Shot by Jarome Iginla for Hurricanes - Stopped by Tuukka Rask
Penalty Shot by Rick Nash for Bruins - Goal!
Penalty Shot by Eric Staal for Hurricanes - Stopped by Tuukka Rask
Penalty Shot by Milan Lucic for Bruins - Goal!

Penalties :
No Penalty

Goalie Stats

Johan Hedberg (CAR), 23 saves from 28 shots - (0.821), OTL, 8-12-1, 65:00 minutes
Tuukka Rask (BOS), 23 saves from 24 shots - (0.958), W, 2-2-0, 41:39 minutes
Cam Ward (BOS), 9 saves from 13 shots - (0.692), 23:21 minutes

Players Stats

Hurricanes
Player Name              G  A  P  +/- PIM S  H  SB FO    MP 
------------------------------------------------------------
Anton Stralman           0  0  0  -1  0   0  0  0  0/0   4  
Brad Boyes               0  0  0   0  0   1  0  1  0/0   13 
Chris Thorburn           0  1  1   1  0   1  1  1  0/2   25 
Eric Staal               0  1  1  -3  0   7  1  0  25/46 26 
Freddy Meyer             0  1  1  -1  0   0  0  0  0/0   24 
Jarome Iginla            1  1  2  -4  0   9  4  0  2/2   26 
Jaroslav Spacek          0  1  1   1  2   1  2  1  0/0   24 
Johnny Oduya             0  2  2   1  0   1  0  2  0/0   25 
Martin Hanzal            2  0  2   0  4   6  7  1  13/18 21 
Matt Cooke               0  0  0   0  0   2  1  0  1/1   6  
Matt Hunwick             0  0  0   0  0   0  0  0  0/0   0  
Michael Ryder            0  0  0   0  0   0  0  0  0/0   0  
Mike Fisher              0  0  0  -1  0   1  1  1  7/15  15 
Mike Weber               1  0  1  -2  4   3  5  1  0/0   19 
Ryan Shannon             0  0  0   1  0   0  0  0  6/20  23 
Sergei Gonchar           0  1  1  -4  0   1  1  0  0/0   25 
Shawn Thornton           0  0  0   0  0   1  0  0  0/0   9  
Thomas Vanek             1  1  2  -3  0   3  0  0  0/2   22 
Bruins
Player Name              G  A  P  +/- PIM S  H  SB FO    MP 
------------------------------------------------------------
Adam McQuaid             0  0  0   0  2   0  0  1  0/0   18 
Ales Hemsky              0  1  1  -1  0   1  1  0  0/0   16 
Brad Marchand            0  0  0   1  2   1  0  1  2/3   18 
Chris Kelly              0  0  0   0  0   1  2  1  5/15  10 
David Krejci             2  2  4   4  0   2  0  1  19/33 21 
Dennis Seidenberg        0  0  0   4  4   2  4  0  0/0   24 
Derick Brassard          0  0  0   0  0   1  0  0  7/16  10 
Evander Kane             0  0  0   0  0   4  1  0  1/2   7  
Jordan Leopold           0  1  1   1  2   0  0  3  0/0   20 
Milan Lucic              1  0  1   3  0   3  2  0  0/2   20 
Nathan Horton            1  1  2   3  0   3  0  0  1/3   10 
Patrice Bergeron         0  0  0  -1  4   1  1  0  17/30 21 
Rich Peverley            0  0  0   0  0   3  0  0  0/0   8  
Rick Nash                1  0  1  -1  0   4  1  0  0/2   15 
Tobias Enstrom           0  1  1  -1  0   1  1  0  0/0   18 
Tyler Seguin             0  0  0   0  2   1  1  0  0/0   14 
Zach Bogosian            0  0  0  -1  0   0  1  0  0/0   24 
Zdeno Chara              0  3  3   3  8   0  3  2  0/0   24 

3 Stars

1 - David Krejci (BOS)
2 - Nathan Horton (BOS)
3 - Martin Hanzal (CAR)

Power Play

Hurricanes - 3 on 12 Attempt(s) - 25.00%
Bruins - 0 on 5 Attempt(s) - 0.00%

Penalty Kill

Hurricanes - 5 on 5 Attempt(s) - 100.00% - Score 0 goal in Penalty Kill
Bruins - 9 on 12 Attempt(s) - 75.00% - Score 1 goal in Penalty Kill

Game Notes

Tuukka Rask enters game at 3:21 of 2nd period

Finance

Level 1 -- Attendance: 6500 (100.00%) -- Ticket Income $487,500.00
Level 2 -- Attendance: 5000 (100.00%) -- Ticket Income $250,000.00
Level 3 -- Attendance: 3334 (95.26%) -- Ticket Income $100,020.00
Level 4 -- Attendance: 1565 (100.00%) -- Ticket Income $31,300.00
Luxury Box -- Attendance: 1000 (100.00%) -- Ticket Income $150,000.00
Game was played at the TD Garden
Total Attendance: 17399 (99.05%)
Total Ticket Income: $1,065,546.00
Other Income: $209,123.70
Total Income: $1,274,670.00


Play by Play

Period #1

0:01 of 1st period - David Krejci wins face-off versus Eric Staal in neutral zone.
0:06 of 1st period - Shot by Nathan Horton.
0:06 of 1st period - Stopped by Johan Hedberg with a rebound.
0:10 of 1st period - Shot by David Krejci.
0:10 of 1st period - Goal by David Krejci - Hurricanes : 0 - Bruins : 1.
0:11 of 1st period - Martin Hanzal wins face-off versus Rick Nash in neutral zone.
0:24 of 1st period - Shot by Martin Hanzal.
0:24 of 1st period - Shot Misses the Net.
0:28 of 1st period - Shot by Jaroslav Spacek.
0:28 of 1st period - Shot Misses the Net.
0:31 of 1st period - Martin Hanzal is hit by Zach Bogosian.
0:33 of 1st period - Shot by Ryan Shannon.
0:33 of 1st period - Shot Misses the Net.
0:39 of 1st period - Shot by Chris Thorburn.
0:39 of 1st period - Shot Misses the Net.
0:43 of 1st period - Shot by Martin Hanzal.
0:43 of 1st period - Goal by Martin Hanzal - Hurricanes : 1 - Bruins : 1.
0:44 of 1st period - Eric Staal wins face-off versus Nathan Horton in neutral zone.
0:47 of 1st period - Shot by Jarome Iginla.
0:47 of 1st period - Stopped by Cam Ward without a rebound.
0:48 of 1st period - David Krejci wins face-off versus Eric Staal in Bruins zone.
1:05 of 1st period - Shot by Nathan Horton.
1:05 of 1st period - Goal by Nathan Horton - Hurricanes : 1 - Bruins : 2.
1:06 of 1st period - Derick Brassard wins face-off versus Mike Fisher in neutral zone.
1:23 of 1st period - Icing by Mike Weber.
1:24 of 1st period - Patrice Bergeron wins face-off versus Mike Fisher in Hurricanes zone.
1:24 of 1st period - Rick Nash is hit by Mike Weber and loses puck.
1:41 of 1st period - Shot by Rick Nash.
1:41 of 1st period - Shot Misses the Net.
1:45 of 1st period - Shot by Patrice Bergeron.
1:45 of 1st period - Shot Misses the Net.
1:47 of 1st period - Shot by Patrice Bergeron.
1:47 of 1st period - Stopped by Johan Hedberg with a rebound.
2:40 of 1st period - Shot by Rich Peverley.
2:40 of 1st period - Stopped by Johan Hedberg without a rebound.
2:41 of 1st period - Eric Staal wins face-off versus Derick Brassard in Hurricanes zone.
2:51 of 1st period - Shot by Jarome Iginla.
2:51 of 1st period - Shot Blocked by Jordan Leopold.
2:53 of 1st period - Shot by Johnny Oduya.
2:53 of 1st period - Stopped by Cam Ward without a rebound.
2:54 of 1st period - Eric Staal wins face-off versus Nathan Horton in Bruins zone.
2:54 of 1st period - Brad Boyes is hit by Zdeno Chara and loses puck.
2:55 of 1st period - Minor Penalty to Dennis Seidenberg for Roughing.
2:56 of 1st period - Eric Staal wins face-off versus David Krejci in Bruins zone.
2:57 of 1st period - Shot by Sergei Gonchar.
2:57 of 1st period - Stopped by Cam Ward without a rebound.
2:58 of 1st period - David Krejci wins face-off versus Ryan Shannon in Bruins zone.
3:37 of 1st period - Brad Marchand is hit by Jaroslav Spacek and loses puck.
4:28 of 1st period - Shot by Eric Staal.
4:28 of 1st period - Stopped by Cam Ward without a rebound.
4:29 of 1st period - Matt Cooke wins face-off versus Patrice Bergeron in Bruins zone.
4:46 of 1st period - Shot by Jarome Iginla.
4:46 of 1st period - Shot Misses the Net.
4:48 of 1st period - Shot by Mike Weber.
4:48 of 1st period - Goal by Mike Weber - Hurricanes : 2 - Bruins : 2.
4:49 of 1st period - Mike Fisher wins face-off versus Chris Kelly in neutral zone.
5:04 of 1st period - Shot by Dennis Seidenberg.
5:04 of 1st period - Stopped by Johan Hedberg without a rebound.
5:05 of 1st period - Patrice Bergeron wins face-off versus Mike Fisher in Hurricanes zone.
5:07 of 1st period - Minor Penalty to Patrice Bergeron for Hooking.
5:08 of 1st period - David Krejci wins face-off versus Ryan Shannon in Bruins zone.
5:19 of 1st period - Shot by Brad Boyes.
5:19 of 1st period - Stopped by Cam Ward with a rebound.
6:31 of 1st period - Shot by Matt Cooke.
6:31 of 1st period - Shot Misses the Net.
6:33 of 1st period - Shot by Matt Cooke.
6:33 of 1st period - Stopped by Cam Ward without a rebound.
6:34 of 1st period - Nathan Horton wins face-off versus Ryan Shannon in Bruins zone.
6:42 of 1st period - Icing by Thomas Vanek.
6:43 of 1st period - David Krejci wins face-off versus Ryan Shannon in Hurricanes zone.
7:19 of 1st period - Shot by Mike Weber.
7:19 of 1st period - Shot Misses the Net.
7:27 of 1st period - Chris Thorburn is hit by Patrice Bergeron and loses puck.
8:23 of 1st period - Minor Penalty to Mike Weber for Holding.
8:24 of 1st period - Martin Hanzal wins face-off versus David Krejci in Hurricanes zone.
8:24 of 1st period - Martin Hanzal is hit by Milan Lucic.
8:42 of 1st period - Shot by David Krejci.
8:42 of 1st period - Shot Misses the Net.
8:44 of 1st period - Shot by Tyler Seguin.
8:44 of 1st period - Shot Blocked by Brad Boyes.
8:48 of 1st period - Shot by Tyler Seguin.
8:48 of 1st period - Stopped by Johan Hedberg with a rebound.
8:50 of 1st period - Shot by Milan Lucic.
8:50 of 1st period - Stopped by Johan Hedberg without a rebound.
8:51 of 1st period - Eric Staal wins face-off versus Patrice Bergeron in Hurricanes zone.
9:04 of 1st period - Shot by Patrice Bergeron.
9:04 of 1st period - Shot Blocked by Chris Thorburn.
10:28 of 1st period - Shot by Dennis Seidenberg.
10:28 of 1st period - Shot Blocked by Mike Fisher.
10:29 of 1st period - Minor Penalty to Mike Weber for Cross-checking.
10:30 of 1st period - David Krejci wins face-off versus Martin Hanzal in Hurricanes zone.
10:45 of 1st period - Shot by Dennis Seidenberg.
10:45 of 1st period - Shot Misses the Net.
10:47 of 1st period - Shot by Dennis Seidenberg.
10:47 of 1st period - Deflect By Milan Lucic.
10:47 of 1st period - Shot Misses the Net.
11:25 of 1st period - Shot by Patrice Bergeron.
11:25 of 1st period - Shot Misses the Net.
11:55 of 1st period - Icing by Zach Bogosian.
11:56 of 1st period - David Krejci wins face-off versus Eric Staal in Bruins zone.
12:31 of 1st period - Icing by Ryan Shannon.
12:32 of 1st period - Derick Brassard wins face-off versus Mike Fisher in Hurricanes zone.
12:32 of 1st period - Evander Kane is hit by Mike Weber and loses puck.
13:31 of 1st period - Icing by Dennis Seidenberg.
13:32 of 1st period - Martin Hanzal wins face-off versus Chris Kelly in Bruins zone.
13:32 of 1st period - Martin Hanzal is hit by Dennis Seidenberg.
13:36 of 1st period - Shot by Martin Hanzal.
13:36 of 1st period - Shot Misses the Net.
13:52 of 1st period - Jarome Iginla is hit by Dennis Seidenberg and loses puck.
14:05 of 1st period - Dennis Seidenberg is hit by Martin Hanzal and loses puck.
14:11 of 1st period - Off-side.
14:12 of 1st period - Patrice Bergeron wins face-off versus Eric Staal in neutral zone.
14:31 of 1st period - Shot by Ales Hemsky.
14:31 of 1st period - Stopped by Johan Hedberg without a rebound.
14:32 of 1st period - Derick Brassard wins face-off versus Eric Staal in Hurricanes zone.
14:48 of 1st period - Minor Penalty to Zdeno Chara for Interference.
14:49 of 1st period - David Krejci wins face-off versus Ryan Shannon in Bruins zone.
14:55 of 1st period - Icing by Ryan Shannon.
14:56 of 1st period - David Krejci wins face-off versus Ryan Shannon in Hurricanes zone.
15:41 of 1st period - Zach Bogosian is hit by Eric Staal and loses puck.
17:32 of 1st period - Shot by Derick Brassard.
17:32 of 1st period - Shot Misses the Net.
17:34 of 1st period - Shot by Derick Brassard.
17:34 of 1st period - Shot Misses the Net.
17:38 of 1st period - Shot by Brad Marchand.
17:38 of 1st period - Shot Blocked by Johnny Oduya.
17:40 of 1st period - Shot by Derick Brassard.
17:40 of 1st period - Shot Blocked by Mike Weber.
17:46 of 1st period - Shot by Brad Marchand.
17:46 of 1st period - Deflect By Derick Brassard.
17:46 of 1st period - Shot Misses the Net.
17:48 of 1st period - Shot by Brad Marchand.
17:48 of 1st period - Stopped by Johan Hedberg without a rebound.
17:49 of 1st period - Chris Kelly wins face-off versus Eric Staal in Hurricanes zone.
18:23 of 1st period - Minor Penalty to Martin Hanzal for High sticking.
18:24 of 1st period - Patrice Bergeron wins face-off versus Ryan Shannon in Hurricanes zone.
18:25 of 1st period - Shot by Tobias Enstrom.
18:25 of 1st period - Shot Misses the Net.
19:31 of 1st period - Shot by David Krejci.
19:31 of 1st period - Shot Misses the Net.
19:33 of 1st period - Shot by Dennis Seidenberg.
19:33 of 1st period - Stopped by Johan Hedberg without a rebound.
19:34 of 1st period - Eric Staal wins face-off versus David Krejci in Hurricanes zone.

Period #2

0:01 of 2nd period - Eric Staal wins face-off versus Patrice Bergeron in neutral zone.
0:06 of 2nd period - Shot by Jarome Iginla.
0:06 of 2nd period - Deflect By Eric Staal.
0:06 of 2nd period - Stopped by Cam Ward without a rebound.
0:07 of 2nd period - Jarome Iginla wins face-off versus David Krejci in Bruins zone.
0:40 of 2nd period - Shot by Jarome Iginla.
0:40 of 2nd period - Goal by Jarome Iginla - Hurricanes : 3 - Bruins : 2.
0:41 of 2nd period - Martin Hanzal wins face-off versus Evander Kane in neutral zone.
0:48 of 2nd period - Shot by Martin Hanzal.
0:48 of 2nd period - Stopped by Cam Ward without a rebound.
0:49 of 2nd period - Mike Fisher wins face-off versus Chris Kelly in Bruins zone.
0:52 of 2nd period - Shot by Chris Thorburn.
0:52 of 2nd period - Shot Misses the Net.
0:54 of 2nd period - Shot by Shawn Thornton.
0:54 of 2nd period - Stopped by Cam Ward without a rebound.
0:55 of 2nd period - Patrice Bergeron wins face-off versus Martin Hanzal in Bruins zone.
1:11 of 2nd period - Minor Penalty to Jaroslav Spacek for Roughing.
1:12 of 2nd period - David Krejci wins face-off versus Eric Staal in Hurricanes zone.
2:08 of 2nd period - Icing by Patrice Bergeron.
2:09 of 2nd period - Patrice Bergeron wins face-off versus Martin Hanzal in Bruins zone.
2:15 of 2nd period - Icing by Ales Hemsky.
2:16 of 2nd period - Eric Staal wins face-off versus Patrice Bergeron in Bruins zone.
2:22 of 2nd period - Icing by Zdeno Chara.
2:23 of 2nd period - Patrice Bergeron wins face-off versus Eric Staal in Bruins zone.
2:38 of 2nd period - Shot by Patrice Bergeron.
2:38 of 2nd period - Shot Misses the Net.
2:40 of 2nd period - Shot by Tobias Enstrom.
2:40 of 2nd period - Stopped by Johan Hedberg without a rebound.
2:41 of 2nd period - Martin Hanzal wins face-off versus Milan Lucic in Hurricanes zone.
2:41 of 2nd period - Martin Hanzal is hit by Milan Lucic.
2:48 of 2nd period - Icing by Jordan Leopold.
2:49 of 2nd period - Martin Hanzal wins face-off versus David Krejci in Bruins zone.
2:53 of 2nd period - Chris Thorburn is hit by Dennis Seidenberg and loses puck.
2:57 of 2nd period - Minor Penalty to Jordan Leopold for Boarding.
2:58 of 2nd period - Chris Kelly wins face-off versus Eric Staal in Bruins zone.
3:21 of 2nd period - Shot by Thomas Vanek.
3:21 of 2nd period - Goal by Thomas Vanek - Hurricanes : 4 - Bruins : 2.
3:21 of 2nd period - Tuukka Rask enters game.
3:22 of 2nd period - Eric Staal wins face-off versus Patrice Bergeron in neutral zone.
3:45 of 2nd period - Shot by Thomas Vanek.
3:45 of 2nd period - Stopped by Tuukka Rask without a rebound.
3:46 of 2nd period - Martin Hanzal wins face-off versus Derick Brassard in Bruins zone.
3:46 of 2nd period - Minor Penalty to Zdeno Chara for Holding.
3:47 of 2nd period - Ryan Shannon wins face-off versus Patrice Bergeron in Bruins zone.
4:11 of 2nd period - Icing by Johnny Oduya.
4:12 of 2nd period - Patrice Bergeron wins face-off versus Thomas Vanek in Hurricanes zone.
4:47 of 2nd period - Shot by Eric Staal.
4:47 of 2nd period - Stopped by Tuukka Rask with a rebound.
5:01 of 2nd period - Shot by Martin Hanzal.
5:01 of 2nd period - Deflect By Eric Staal.
5:01 of 2nd period - Shot Blocked by Adam McQuaid.
6:03 of 2nd period - Icing by Jordan Leopold.
6:04 of 2nd period - Derick Brassard wins face-off versus Mike Fisher in Bruins zone.
6:09 of 2nd period - Shot by Zdeno Chara.
6:09 of 2nd period - Shot Misses the Net.
6:51 of 2nd period - Johnny Oduya is hit by Chris Kelly and loses puck.
6:55 of 2nd period - Jaroslav Spacek is hit by Chris Kelly and loses puck.
7:02 of 2nd period - Shot by Rich Peverley.
7:02 of 2nd period - Stopped by Johan Hedberg with a rebound.
7:16 of 2nd period - Minor Penalty to Tyler Seguin for Holding.
7:17 of 2nd period - Patrice Bergeron wins face-off versus Eric Staal in Bruins zone.
7:32 of 2nd period - Patrice Bergeron is hit by Martin Hanzal and loses puck.
7:39 of 2nd period - Shot by Jarome Iginla.
7:39 of 2nd period - Stopped by Tuukka Rask without a rebound.
7:40 of 2nd period - Brad Marchand wins face-off versus Eric Staal in Bruins zone.
7:55 of 2nd period - Shot by Jarome Iginla.
7:55 of 2nd period - Deflect By Matt Cooke.
7:55 of 2nd period - Shot Blocked by Zdeno Chara.
7:57 of 2nd period - Shot by Jarome Iginla.
7:57 of 2nd period - Shot Misses the Net.
7:59 of 2nd period - Shot by Matt Cooke.
7:59 of 2nd period - Shot Misses the Net.
8:30 of 2nd period - Minor Penalty to Dennis Seidenberg for Holding.
8:31 of 2nd period - Ryan Shannon wins face-off versus Derick Brassard in Bruins zone.
8:36 of 2nd period - Shot by Thomas Vanek.
8:36 of 2nd period - Shot Misses the Net.
8:38 of 2nd period - Shot by Thomas Vanek.
8:38 of 2nd period - Stopped by Tuukka Rask without a rebound.
8:39 of 2nd period - David Krejci wins face-off versus Ryan Shannon in Bruins zone.
8:55 of 2nd period - Icing by Matt Cooke.
8:56 of 2nd period - David Krejci wins face-off versus Ryan Shannon in Hurricanes zone.
8:56 of 2nd period - David Krejci is hit by Matt Cooke.
9:41 of 2nd period - Shot by Jarome Iginla.
9:41 of 2nd period - Stopped by Tuukka Rask without a rebound.
9:42 of 2nd period - Eric Staal wins face-off versus Patrice Bergeron in Bruins zone.
9:49 of 2nd period - Shot by Jarome Iginla.
9:49 of 2nd period - Stopped by Tuukka Rask without a rebound.
9:50 of 2nd period - Eric Staal wins face-off versus David Krejci in Bruins zone.
9:55 of 2nd period - Shot by Eric Staal.
9:55 of 2nd period - Shot Misses the Net.
9:57 of 2nd period - Shot by Johnny Oduya.
9:57 of 2nd period - Shot Blocked by David Krejci.
9:59 of 2nd period - Shot by Chris Thorburn.
9:59 of 2nd period - Shot Misses the Net.
10:19 of 2nd period - Shot by Martin Hanzal.
10:19 of 2nd period - Goal by Martin Hanzal - Hurricanes : 5 - Bruins : 2.
10:20 of 2nd period - Chris Kelly wins face-off versus Mike Fisher in neutral zone.
10:42 of 2nd period - Shot by Mike Weber.
10:42 of 2nd period - Stopped by Tuukka Rask without a rebound.
10:43 of 2nd period - Mike Fisher wins face-off versus Patrice Bergeron in Bruins zone.
11:15 of 2nd period - Shot by Rick Nash.
11:15 of 2nd period - Goal by Rick Nash - Hurricanes : 5 - Bruins : 3.
11:16 of 2nd period - Martin Hanzal wins face-off versus Derick Brassard in neutral zone.
11:33 of 2nd period - Shot by Derick Brassard.
11:33 of 2nd period - Stopped by Johan Hedberg with a rebound.
12:13 of 2nd period - Icing by Jordan Leopold.
12:14 of 2nd period - Mike Fisher wins face-off versus Derick Brassard in Bruins zone.
12:21 of 2nd period - Shot by Mike Weber.
12:21 of 2nd period - Stopped by Tuukka Rask with a rebound.
12:32 of 2nd period - Icing by Mike Weber.
12:33 of 2nd period - Mike Fisher wins face-off versus Chris Kelly in Hurricanes zone.
13:14 of 2nd period - Shot by Chris Kelly.
13:14 of 2nd period - Shot Misses the Net.
13:56 of 2nd period - Patrice Bergeron is hit by Jarome Iginla and loses puck.
14:20 of 2nd period - Icing by David Krejci.
14:21 of 2nd period - David Krejci wins face-off versus Eric Staal in Bruins zone.
14:49 of 2nd period - Eric Staal is hit by Zdeno Chara and loses puck.
14:54 of 2nd period - Shot by Eric Staal.
14:54 of 2nd period - Stopped by Tuukka Rask without a rebound.
14:55 of 2nd period - Derick Brassard wins face-off versus Ryan Shannon in Bruins zone.
15:36 of 2nd period - Off-side.
15:37 of 2nd period - Mike Fisher wins face-off versus Chris Kelly in neutral zone.
15:48 of 2nd period - Shot by Chris Kelly.
15:48 of 2nd period - Stopped by Johan Hedberg with a rebound.
15:50 of 2nd period - Shot by Adam McQuaid.
15:50 of 2nd period - Shot Misses the Net.
15:52 of 2nd period - Shot by Rich Peverley.
15:52 of 2nd period - Stopped by Johan Hedberg without a rebound.
15:53 of 2nd period - Eric Staal wins face-off versus Rick Nash in Hurricanes zone.
15:55 of 2nd period - Thomas Vanek is hit by Rick Nash and loses puck.
16:09 of 2nd period - Thomas Vanek is hit by Zdeno Chara and loses puck.
16:19 of 2nd period - Off-side.
16:20 of 2nd period - Mike Fisher wins face-off versus Chris Kelly in neutral zone.
17:18 of 2nd period - Shot by Zdeno Chara.
17:18 of 2nd period - Shot Misses the Net.
17:22 of 2nd period - Shot by Evander Kane.
17:22 of 2nd period - Stopped by Johan Hedberg without a rebound.
17:23 of 2nd period - Jarome Iginla wins face-off versus Patrice Bergeron in Hurricanes zone.
17:34 of 2nd period - Shot by Eric Staal.
17:34 of 2nd period - Stopped by Tuukka Rask with a rebound.
17:40 of 2nd period - Shot by Patrice Bergeron.
17:40 of 2nd period - Deflect By Rick Nash.
17:40 of 2nd period - Stopped by Johan Hedberg without a rebound.
17:41 of 2nd period - Derick Brassard wins face-off versus Martin Hanzal in Hurricanes zone.
18:00 of 2nd period - Shot by Martin Hanzal.
18:00 of 2nd period - Stopped by Tuukka Rask without a rebound.
18:01 of 2nd period - Patrice Bergeron wins face-off versus Chris Thorburn in Bruins zone.
18:15 of 2nd period - Thomas Vanek is hit by Tobias Enstrom and loses puck.
19:05 of 2nd period - Rick Nash is hit by Martin Hanzal and loses puck.
19:13 of 2nd period - Tobias Enstrom is hit by Mike Weber and loses puck.
19:44 of 2nd period - Shot by Milan Lucic.
19:44 of 2nd period - Shot Misses the Net.
19:53 of 2nd period - Milan Lucic is hit by Mike Weber and loses puck.
19:56 of 2nd period - Shot by David Krejci.
19:56 of 2nd period - Shot Misses the Net.

Period #3

0:01 of 3rd period - David Krejci wins face-off versus Eric Staal in neutral zone.
0:01 of 3rd period - David Krejci is hit by Jarome Iginla.
0:13 of 3rd period - Shot by Milan Lucic.
0:13 of 3rd period - Stopped by Johan Hedberg without a rebound.
0:14 of 3rd period - Martin Hanzal wins face-off versus Patrice Bergeron in Hurricanes zone.
0:19 of 3rd period - Shot by Martin Hanzal.
0:19 of 3rd period - Deflect By Chris Thorburn.
0:19 of 3rd period - Stopped by Tuukka Rask with a rebound.
0:47 of 3rd period - Shot by Rick Nash.
0:47 of 3rd period - Shot Blocked by Martin Hanzal.
1:09 of 3rd period - David Krejci is hit by Martin Hanzal and loses puck.
2:06 of 3rd period - Shot by Derick Brassard.
2:06 of 3rd period - Shot Misses the Net.
2:10 of 3rd period - Shot by Evander Kane.
2:10 of 3rd period - Stopped by Johan Hedberg without a rebound.
2:11 of 3rd period - Eric Staal wins face-off versus Chris Kelly in Hurricanes zone.
2:19 of 3rd period - Off-side.
2:20 of 3rd period - Patrice Bergeron wins face-off versus Eric Staal in neutral zone.
2:20 of 3rd period - Patrice Bergeron is hit by Jarome Iginla.
2:25 of 3rd period - Minor Penalty to Patrice Bergeron for Hooking.
2:26 of 3rd period - David Krejci wins face-off versus Eric Staal in Bruins zone.
2:47 of 3rd period - Shot by Jarome Iginla.
2:47 of 3rd period - Stopped by Tuukka Rask without a rebound.
2:48 of 3rd period - David Krejci wins face-off versus Eric Staal in Bruins zone.
4:32 of 3rd period - Shot by Martin Hanzal.
4:32 of 3rd period - Stopped by Tuukka Rask without a rebound.
4:33 of 3rd period - Patrice Bergeron wins face-off versus Chris Thorburn in Bruins zone.
4:38 of 3rd period - Shawn Thornton is hit by Ales Hemsky and loses puck.
4:49 of 3rd period - Shot by Rick Nash.
4:49 of 3rd period - Stopped by Johan Hedberg with a rebound.
4:51 of 3rd period - Shot by Rick Nash.
4:51 of 3rd period - Stopped by Johan Hedberg without a rebound.
4:52 of 3rd period - Derick Brassard wins face-off versus Thomas Vanek in Hurricanes zone.
5:01 of 3rd period - Shot by Brad Marchand.
5:01 of 3rd period - Deflect By Evander Kane.
5:01 of 3rd period - Shot Misses the Net.
5:06 of 3rd period - Icing by Sergei Gonchar.
5:07 of 3rd period - Eric Staal wins face-off versus Chris Kelly in Hurricanes zone.
5:18 of 3rd period - Shot by Jarome Iginla.
5:18 of 3rd period - Shot Misses the Net.
5:20 of 3rd period - Shot by Eric Staal.
5:20 of 3rd period - Shot Misses the Net.
5:27 of 3rd period - Icing by Dennis Seidenberg.
5:28 of 3rd period - Martin Hanzal wins face-off versus Chris Kelly in Bruins zone.
5:42 of 3rd period - Icing by Adam McQuaid.
5:43 of 3rd period - Chris Kelly wins face-off versus Mike Fisher in Bruins zone.
5:43 of 3rd period - Chris Kelly is hit by Mike Fisher.
5:52 of 3rd period - Shot by Mike Fisher.
5:52 of 3rd period - Shot Misses the Net.
5:56 of 3rd period - Shot by Shawn Thornton.
5:56 of 3rd period - Shot Misses the Net.
6:06 of 3rd period - Shot by Shawn Thornton.
6:06 of 3rd period - Deflect By Mike Fisher.
6:06 of 3rd period - Shot Blocked by Chris Kelly.
6:10 of 3rd period - Shot by Mike Fisher.
6:10 of 3rd period - Stopped by Tuukka Rask without a rebound.
6:11 of 3rd period - Patrice Bergeron wins face-off versus Martin Hanzal in Bruins zone.
6:11 of 3rd period - Patrice Bergeron is hit by Martin Hanzal.
6:27 of 3rd period - Shot by Martin Hanzal.
6:27 of 3rd period - Stopped by Tuukka Rask without a rebound.
6:28 of 3rd period - Evander Kane wins face-off versus Eric Staal in Bruins zone.
6:28 of 3rd period - Evander Kane is hit by Jarome Iginla.
6:33 of 3rd period - Minor Penalty to Zdeno Chara for Slashing.
6:34 of 3rd period - Eric Staal wins face-off versus Brad Marchand in Bruins zone.
6:55 of 3rd period - Shot by Jarome Iginla.
6:55 of 3rd period - Stopped by Tuukka Rask with a rebound.
6:59 of 3rd period - Shot by Eric Staal.
6:59 of 3rd period - Stopped by Tuukka Rask without a rebound.
7:00 of 3rd period - Patrice Bergeron wins face-off versus Ryan Shannon in Bruins zone.
7:00 of 3rd period - Patrice Bergeron is hit by Martin Hanzal.
7:26 of 3rd period - Shot by Thomas Vanek.
7:26 of 3rd period - Shot Blocked by Jordan Leopold.
8:21 of 3rd period - Shot by Eric Staal.
8:21 of 3rd period - Stopped by Tuukka Rask without a rebound.
8:22 of 3rd period - Eric Staal wins face-off versus Patrice Bergeron in Bruins zone.
8:41 of 3rd period - Shot by Evander Kane.
8:41 of 3rd period - Shot Blocked by Johnny Oduya.
8:43 of 3rd period - Shot by Brad Marchand.
8:43 of 3rd period - Shot Misses the Net.
8:51 of 3rd period - Shot by Evander Kane.
8:51 of 3rd period - Stopped by Johan Hedberg without a rebound.
8:52 of 3rd period - Patrice Bergeron wins face-off versus Mike Fisher in Hurricanes zone.
9:44 of 3rd period - Icing by Patrice Bergeron.
9:45 of 3rd period - Patrice Bergeron wins face-off versus Eric Staal in Bruins zone.
9:57 of 3rd period - Icing by Sergei Gonchar.
9:58 of 3rd period - David Krejci wins face-off versus Eric Staal in Hurricanes zone.
9:58 of 3rd period - David Krejci is hit by Sergei Gonchar.
10:23 of 3rd period - Shot by Milan Lucic.
10:23 of 3rd period - Goal by Milan Lucic - Hurricanes : 5 - Bruins : 4.
10:24 of 3rd period - Ryan Shannon wins face-off versus Derick Brassard in neutral zone.
10:26 of 3rd period - Off-side.
10:27 of 3rd period - Martin Hanzal wins face-off versus Chris Kelly in neutral zone.
10:37 of 3rd period - Minor Penalty to Martin Hanzal for Boarding.
10:38 of 3rd period - David Krejci wins face-off versus Ryan Shannon in Hurricanes zone.
10:53 of 3rd period - Shot by Tyler Seguin.
10:53 of 3rd period - Shot Misses the Net.
11:00 of 3rd period - Icing by Jordan Leopold.
11:01 of 3rd period - Eric Staal wins face-off versus David Krejci in Bruins zone.
11:02 of 3rd period - Shot by Jarome Iginla.
11:02 of 3rd period - Stopped by Tuukka Rask without a rebound.
11:03 of 3rd period - Eric Staal wins face-off versus Patrice Bergeron in Bruins zone.
11:28 of 3rd period - Shot by Ales Hemsky.
11:28 of 3rd period - Shot Misses the Net.
12:23 of 3rd period - Shot by Jordan Leopold.
12:23 of 3rd period - Shot Blocked by Jaroslav Spacek.
12:41 of 3rd period - Shot by Evander Kane.
12:41 of 3rd period - Stopped by Johan Hedberg without a rebound.
12:42 of 3rd period - Eric Staal wins face-off versus Derick Brassard in Hurricanes zone.
12:42 of 3rd period - Thomas Vanek is hit by Evander Kane and loses puck.
12:53 of 3rd period - Minor Penalty to Zdeno Chara for High sticking.
12:54 of 3rd period - Ryan Shannon wins face-off versus David Krejci in Bruins zone.
13:03 of 3rd period - Shot by Jaroslav Spacek.
13:03 of 3rd period - Stopped by Tuukka Rask without a rebound.
13:04 of 3rd period - Patrice Bergeron wins face-off versus Ryan Shannon in Bruins zone.
13:13 of 3rd period - Patrice Bergeron is hit by Chris Thorburn and loses puck.
13:55 of 3rd period - Icing by Jarome Iginla.
13:56 of 3rd period - David Krejci wins face-off versus Eric Staal in Hurricanes zone.
13:59 of 3rd period - Shot by David Krejci.
13:59 of 3rd period - Goal by David Krejci - Hurricanes : 5 - Bruins : 5.
14:00 of 3rd period - Brad Marchand wins face-off versus Ryan Shannon in neutral zone.
14:23 of 3rd period - Shot by Ryan Shannon.
14:23 of 3rd period - Shot Misses the Net.
14:25 of 3rd period - Shot by Jaroslav Spacek.
14:25 of 3rd period - Shot Blocked by Jordan Leopold.
14:27 of 3rd period - Shot by Jarome Iginla.
14:27 of 3rd period - Shot Misses the Net.
14:41 of 3rd period - Nathan Horton is hit by Martin Hanzal.
14:52 of 3rd period - Martin Hanzal is hit by Dennis Seidenberg and loses puck.
15:03 of 3rd period - Minor Penalty to Brad Marchand for Interference.
15:04 of 3rd period - Eric Staal wins face-off versus David Krejci in Bruins zone.
15:27 of 3rd period - Shot by Jarome Iginla.
15:27 of 3rd period - Deflect By Matt Cooke.
15:27 of 3rd period - Stopped by Tuukka Rask without a rebound.
15:28 of 3rd period - Ryan Shannon wins face-off versus David Krejci in Bruins zone.
15:33 of 3rd period - Shot by Ryan Shannon.
15:33 of 3rd period - Shot Misses the Net.
15:53 of 3rd period - Shot by Jaroslav Spacek.
15:53 of 3rd period - Shot Misses the Net.
15:55 of 3rd period - Shot by Jaroslav Spacek.
15:55 of 3rd period - Shot Misses the Net.
16:58 of 3rd period - Matt Cooke is hit by Tyler Seguin and loses puck.
17:02 of 3rd period - Off-side.
17:03 of 3rd period - Martin Hanzal wins face-off versus Patrice Bergeron in neutral zone.
18:16 of 3rd period - Icing by Brad Marchand.
18:17 of 3rd period - Martin Hanzal wins face-off versus Milan Lucic in Bruins zone.
18:30 of 3rd period - Shot by Martin Hanzal.
18:30 of 3rd period - Shot Blocked by Brad Marchand.
18:35 of 3rd period - Nathan Horton is hit by Jaroslav Spacek and loses puck.

Overtime #1

0:01 of 1st overtime period - Chris Kelly wins face-off versus Eric Staal in neutral zone.
0:04 of 1st overtime period - Shot by Nathan Horton.
0:04 of 1st overtime period - Stopped by Johan Hedberg without a rebound.
0:05 of 1st overtime period - Eric Staal wins face-off versus Derick Brassard in Hurricanes zone.
1:06 of 1st overtime period - Minor Penalty to Adam McQuaid for Hooking.
1:07 of 1st overtime period - Eric Staal wins face-off versus David Krejci in Bruins zone.
1:14 of 1st overtime period - Shot by Jarome Iginla.
1:14 of 1st overtime period - Stopped by Tuukka Rask with a rebound.
1:21 of 1st overtime period - Icing by Sergei Gonchar.
1:22 of 1st overtime period - Eric Staal wins face-off versus David Krejci in Hurricanes zone.
1:26 of 1st overtime period - Icing by Sergei Gonchar.
1:27 of 1st overtime period - Eric Staal wins face-off versus David Krejci in Hurricanes zone.
2:19 of 1st overtime period - Off-side.
2:20 of 1st overtime period - Eric Staal wins face-off versus David Krejci in neutral zone.
2:29 of 1st overtime period - Shot by Eric Staal.
2:29 of 1st overtime period - Shot Blocked by Zdeno Chara.
3:05 of 1st overtime period - Off-side.
3:06 of 1st overtime period - Ryan Shannon wins face-off versus Derick Brassard in neutral zone.
4:34 of 1st overtime period - Chris Kelly is hit by Mike Weber.

ShootOut

ShootOut - Penalty Shot by Jarome Iginla for Hurricanes.
ShootOut - Stopped by Tuukka Rask.
ShootOut - Penalty Shot by Rick Nash for Bruins.
ShootOut - Goal by Rick Nash.
ShootOut - Penalty Shot by Eric Staal for Hurricanes.
ShootOut - Stopped by Tuukka Rask.
ShootOut - Penalty Shot by Milan Lucic for Bruins.
ShootOut - Goal by Milan Lucic.


Output by the SimonT Hockey Simulator (STHS) for Stephane Roy -- Original Page W3C XHTML 1.0 Valid